 Dungeon Crawl Stone Soup version 0.28.0-53-g5a82cb258f (webtiles) character file.

Game seed: 4113839419588816993

4014 MajorAdolf the Skirmisher (level 10, -4/80 (91) HPs)
             Began as a Naga Wanderer on June 26, 2022.
             Was an Initiate of Gozag.
             Slain by a wight
             ... wielding a +2 war axe of freezing
              (5 damage)
             ... on level 8 of the Dungeon.
             The game lasted 00:13:05 (10559 turns).

MajorAdolf the Skirmisher (Naga Wanderer)          Turns: 10559, Time: 00:13:05

HP:   -4/80 (91)    AC: 11    Str: 21    XL:     10   Next: 23%
MP:   16/16         EV: 14    Int: 11    God:    Gozag
Gold: 735           SH: 11    Dex:  8    Spells: 17/17 levels left

rFire   + . .      SeeInvis +   K - +2 whip (elec)
rCold   . . .      Faith    .   o - +0 tower shield
rNeg    . . .      Spirit   .   k - +3 scale mail "Suimnes" {rF+ Will+ Int-4 Dex+2}
rPois   +          Reflect  .   (no helmet)
rElec   .          Harm     .   (no cloak)
rCorr   .          Rampage  .   p - +0 pair of gloves
Will    ++...                   (no barding)
Stlth   ..........              (no amulet)
HPRegen 0.23/turn               l - +4 ring of evasion
MPRegen 0.15/turn               m - +4 ring of evasion

@: heavily drained, very slow
A: AC +3, large, see invisible, deformed body, poison resistance, slowness 2,
spit poison 1, naga tail 1
a: Spit Poison, Renounce Religion, Potion Petition, Call Merchant, Bribe Branch


You were on level 8 of the Dungeon.
You worshipped Gozag.
Gozag was pleased with you.
You visited 2 branches of the dungeon, and saw 9 of its levels.
You also visited: Ossuary.

You collected 1177 gold pieces.
You spent 279 gold pieces at shops.
You paid 163 gold pieces to Gozag.

Inventory:

Hand Weapons
 A - a +2 whip of venom
 D - the +4 broad axe of Hepliaklqana's Pride {spect, Dex+4}
   (You bought it in a shop on level 6 of the Dungeon)

   When its wielder attacks, the weapon's spirit leaps out and strikes again.
   The spirit shares a part of any damage it takes with its wielder.
   Dex:       It affects your dexterity (+4).
 K - a +2 whip of electrocution (weapon)
Missiles
 c - 2 throwing nets
Armour
 k - the +3 scale mail "Suimnes" (worn) {rF+ Will+ Int-4 Dex+2}
   (You found it on level 2 of the Dungeon)

   Int:       It affects your intelligence (-4).
   Dex:       It affects your dexterity (+2).
   rF:        It protects you from fire.
   Will:      It increases your willpower.
 o - a +0 tower shield (worn)
 p - a +0 pair of gloves (worn)
Jewellery
 g - an amulet of the acrobat
 l - a +4 ring of evasion (left hand)
 m - a +4 ring of evasion (right hand)
 I - an amulet of regeneration
Wands
 z - a wand of digging (2)
 C - a wand of mindburst (13)
Scrolls
 a - a scroll of fog {unknown}
 e - a scroll of vulnerability {unknown}
 h - a scroll of enchant weapon
 i - a scroll of amnesia
 n - a scroll of fear
 q - 2 scrolls of enchant armour
 s - a scroll of brand weapon {unknown}
 y - a scroll of summoning {unknown}
 B - 4 scrolls of identify
 G - a scroll of immolation {unknown}
 J - a scroll of silence {unknown}
Potions
 d - 3 potions of ambrosia {unknown}
 f - a potion of resistance {unknown}
 j - a potion of might {unknown}
 r - a potion of lignification {unknown}
 t - a potion of cancellation {unknown}
 u - 2 potions of degeneration {unknown}
 v - a potion of curing {unknown}
 w - 2 potions of brilliance {unknown}
 x - 3 potions of heal wounds {unknown}
 E - a potion of mutation {unknown}
 F - a potion of berserk rage {unknown}
 H - a potion of flight {unknown}
Miscellaneous
 b - a piece from Xom's chessboard (15/15)


   Skills:
 + Level 6.1 Fighting
 + Level 5.5(5.6) Axes
 - Level 1.0(3.5) Polearms
 + Level 4.9 Armour
 + Level 5.0 Dodging
 + Level 4.5 Shields
 - Level 4.0 Spellcasting
 - Level 4.0 Poison Magic
 + Level 5.8 Evocations


You had 17 spell levels left.
You didn't know any spells.
Your spell library contained the following spells:

 Spells                   Type           Power      Damage    Failure   Level
 Sting                    Tmut/Pois      24%        1d4       86%         1
 Poisonous Vapours        Pois/Air       12%        N/A       95%         2
 Beastly Appendage        Tmut           4%         N/A       98%         1
 Summon Small Mammal      Summ           8%         N/A       98%         1
 Blink                    Tloc           4%         N/A       99%         2
 Wereblood                Tmut           2%         N/A       99%         2
 Spider Form              Tmut/Pois      6%         N/A       99%         3
 Call Canine Familiar     Summ           2%         N/A       100%        3
 Confusing Touch          Hex            2%         N/A       100%        3
 Gell's Gravitas          Tloc           2%         N/A       100%        3
 Lesser Beckoning         Tloc           2%         N/A       100%        3
 Mephitic Cloud           Conj/Pois/Air  5%         N/A       100%        3
 Summon Guardian Golem    Hex/Summ       2%         N/A       100%        3
 Teleport Other           Tloc           2%         N/A       100%        3
 Fulminant Prism          Conj/Hex       1%         3d6       100%        4
 Iskenderun's Mystic Bla  Conj/Tloc      2%         2d3       100%        4
 Olgreb's Toxic Radiance  Pois           11%        N/A       100%        4
 Freezing Cloud           Conj/Ice/Air   1%         6-21      100%        5
 Lee's Rapid Deconstruct  Erth           1%         3d5*      100%        5
 Manifold Assault         Tloc           2%         N/A       100%        5
 Yara's Violent Unravell  Hex/Tmut       1%         3d3       100%        5
 Simulacrum               Ice/Necr       1%         N/A       100%        6
 Enfeeble                 Hex            1%         N/A       100%        7
 Polar Vortex             Ice            1%         N/A       100%        9


Dungeon Overview and Level Annotations

Branches:
Dungeon (8/15)             Temple (1/1) D:5            Lair (0/6) D:8
Ossuary (visited)

Altars:
Ashenzari
Cheibriados
Dithmenos
Elyvilon
Fedhas
Gozag
Hepliaklqana
Kikubaaqudgha
Makhleb
Nemelex Xobeh
Okawaru
Qazlal
Ru
Sif Muna
Trog
Uskayaw
Vehumet
Wu Jian
Xom
Yredelemnul
Zin
The Shining One

Shops:
D:6 (


Innate Abilities, Weirdness & Mutations

Your serpentine skin is tough. (AC +3)
You have supernaturally acute eyesight. (SInv)
Armour fits poorly on your strangely shaped body.
Your system is resistant to poisons. (rPois)
You cover ground very slowly.
You can spit poison.
You have a snake-like lower body.


Message History

You are too injured to fight recklessly!
You barely miss the wight.
The wight is lightly damaged.
The wight barely misses you.
The wight hits you with a +2 war axe of freezing!
* * * LOW HITPOINT WARNING * * *
The wight freezes you.
* * * LOW HITPOINT WARNING * * *
You barely miss the wight.
The wight is lightly damaged.
You block the wight's attack.
You barely miss the wight.
The wight is lightly damaged.
The wight is distracted by your dazzling golden aura.
You hit the wight.
The wight is no longer distracted by gold.
The wight is moderately damaged.
You block the wight's attack.
You hit the wight.
The wight is heavily damaged.
The wight closely misses you.
You hit the wight.
The wight is severely damaged.
You block the wight's attack. x2
You hit the wight but do no damage.
The wight is severely damaged.
You block the wight's attack.
You hit the wight.
The wight is severely damaged.
You block the wight's attack.
Okay, then.
You closely miss the wight.
The wight is severely damaged.
The wight hits you with a +2 war axe of freezing!
* * * LOW HITPOINT WARNING * * *
You feel drained.
* * * LOW HITPOINT WARNING * * *
The wight freezes you.
You die...
Your body crumbles into a pile of gold.

..)............# ###
###...###......### ....
##.....##........# .....
#.......#........###......
#.....).#...........>.....
.........)......)###......
.................# ......
....>...........####......
................@z........
.........#......##.....###
#.......##......##........
#.......##########.....##.
......# ..z.....
..z....### $ ........
.........#


You could see a wight.

Vanquished Creatures
  A wyvern (D:5)
  A shadow (D:7)
  Duvessa (D:7)
  3 wargs (D:8)
  A water moccasin (D:7)
  3 orc warriors
  3 sky beasts
  A necrophage (D:7)
  A black bear (D:4)
  3 ogres
  3 centaurs
  A bullfrog (D:7)
  2 scorpions (D:5)
  Dowan (D:7)
  A water moccasin skeleton (D:5)
  7 wights
  2 electric eels (D:7)
  A bullfrog zombie (D:6)
  2 centaur zombies (D:7)
  2 hounds
  2 jellies (D:6)
  10 orc priests
  3 iguanas
  14 orc wizards
  A hound skeleton (D:4)
  8 mummies (Ossuary)
  6 gnolls (D:6)
  2 howler monkey skeletons
  8 adders
  A shadow imp (D:5)
  A white imp (D:5)
  An ufetubus (D:6)
  2 worms
  2 dart slugs
  20 orcs
  14 ball pythons
  5 endoplasms
  4 giant cockroaches
  7 goblins
  5 hobgoblins
  8 jackals
  5 kobolds
  3 quokkas
  4 bats
  2 frilled lizards
  2 gnoll zombies (Ossuary)
  A hobgoblin zombie (Ossuary)
  3 kobold zombies (Ossuary)
  2 orc zombies (Ossuary)
  A quokka zombie (D:5)
  6 rats
  A rat zombie (D:5)
194 creatures vanquished.

Vanquished Creatures (others)
  26 plants (D:7)
26 creatures vanquished.

Grand Total: 220 creatures vanquished

Notes
Turn   | Place    | Note
-------+----------+-------------------------------------------
     0 | D:1      | MajorAdolf the Naga Wanderer began the quest for the Orb.
     0 | D:1      | MajorAdolf set off with the following items: a +0 spear, a
                  | piece from Xom's chessboard (15/15), a +0 leather armour;
                  | and the following spell memorised: Sting; and the following
                  | spells available to memorise: Spider Form, Mephitic Cloud
     0 | D:1      | Reached XP level 1. HP: 15/15 MP: 5/5
    77 | D:1      | Reached skill level 1 in Fighting
   236 | D:1      | Reached XP level 2. HP: 18/25 MP: 7/7
   767 | D:1      | Found a faded altar of an unknown god.
  1356 | D:2      | Reached skill level 1 in Armour
  1356 | D:2      | Reached skill level 1 in Dodging
  1356 | D:2      | Reached XP level 3. HP: 28/32 MP: 8/8
  2190 | D:2      | Identified the +3 scale mail "Suimnes" {rF+ Will+ Int-4
                  | Dex+2}
  2334 | D:2      | Reached skill level 2 in Fighting
  2433 | D:2      | Reached XP level 4. HP: 39/39 MP: 10/10
  3713 | D:4      | Reached XP level 5. HP: 44/46 MP: 11/11
  3894 | D:4      | Noticed a black bear
  3906 | D:4      | Killed a black bear
  3907 | D:4      | Reached skill level 1 in Axes
  3907 | D:4      | Reached skill level 1 in Shields
  4129 | D:4      | Reached XP level 6. HP: 55/55 MP: 12/12
  4307 | D:5      | Entered Level 5 of the Dungeon
  4365 | D:5      | Reached skill level 3 in Fighting
  4390 | D:5      | Found a sand-covered staircase.
  4398 | Ossuary  | Entered an ossuary
  4842 | Ossuary  | Reached XP level 7. HP: 59/62 MP: 13/13
  5257 | D:5      | Found a staircase to the Ecumenical Temple.
  5513 | D:5      | Reached XP level 8. HP: 67/72 MP: 14/14
  5529 | Temple   | Entered the Ecumenical Temple
  5612 | Temple   | Became a worshipper of Gozag Ym Sagoz the Greedy
  5843 | D:5      | Noticed a wyvern
  5854 | D:5      | Killed a wyvern
  6333 | D:5      | Reached skill level 4 in Fighting
  6761 | D:6      | Found Pevoaf's Antique Weapon Shoppe.
  6770 | D:6      | Bought an ancient broad axe for 279 gold pieces
  6770 | D:6      | Identified the +4 broad axe of Hepliaklqana's Pride {spect,
                  | Dex+4} (You bought it in a shop on level 6 of the Dungeon)
  7607 | D:6      | Reached XP level 9. HP: 79/79 MP: 15/15
  7737 | D:7      | Found a snail-covered altar of Cheibriados.
  8279 | D:7      | Noticed Duvessa
  8285 | D:7      | Noticed Dowan
  8288 | D:7      | Killed Duvessa
  8289 | D:7      | Reached skill level 5 in Fighting
  8459 | D:7      | Killed Dowan
  8720 | D:7      | Found a basalt altar of Yredelemnul.
  8720 | D:7      | Found a stormy altar of Qazlal.
  8875 | D:7      | Reached skill level 5 in Evocations
  9490 | D:7      | Found a hide-covered altar of Uskayaw.
  9542 | D:7      | Found an iron altar of Okawaru.
  9545 | D:7      | Found a glowing golden altar of the Shining One.
  9545 | D:7      | Found a blossoming altar of Fedhas.
  9552 | D:7      | Found a burning altar of Makhleb.
  9557 | D:7      | Reached skill level 5 in Axes
  9557 | D:7      | Found a broken altar of Ashenzari.
 10206 | D:8      | Reached XP level 10. HP: 88/91 MP: 16/16
 10222 | D:8      | Reached skill level 6 in Fighting
 10454 | D:8      | Found a staircase to the Lair.
 10547 | D:8      | Reached skill level 5 in Dodging
 10559 | D:8      | HP: 1/80 [wight/+2 war axe of freezing (5)]
 10559 | D:8      | Slain by a wight

Illustrated notes

Levels and vault maps discovered:
D:1:      giann_bridges, layout_rooms, nicolae_ecumenical_lake_church
D:2:      layout_rooms
D:3:      layout_loops_cross
D:4:      layout_loops_ring
D:5:      layout_basic, minmay_temple_entry_trees, enter_ossuary_4,
          uniq_crazy_yiuf_cottage
D:6:      layout_rooms, serial_shops, shop
D:7:      layout_basic, grunt_temple_overflow_open, kennysheep_slug_shrine,
          gammafunk_temple_overflow_wave, serial_bayou, serial_bayou_pond_d,
          serial_bayou_lake_a, serial_bayou_pond_a, serial_bayou_crossing,
          uniq_duvessa
D:8:      layout_basic, erik_lair_orcish_takeover
Temple:   dshaligram_water_room_temple

Skill      XL: |  1  2  3  4  5  6  7  8  9 10 |
---------------+-------------------------------+-----
Fighting       | 1 2 3 4 5 6 |  6.1
Armour         | 1 2 3 4 |  4.9
Dodging        | 1 2 3 4 5 |  5.0
Axes           | 1 2 4 5 |  5.5
Shields        | 1 2 3 4 |  4.5
Evocations     | 3 4 5 |  5.8
Polearms       | |  1.0
Spellcasting   | |  4.0
Poison Magic   | |  4.0

Action                   |  1- 3 |  4- 6 |  7- 9 | 10-12 || total
-------------------------+-------+-------+-------+-------++-------
Melee: Spear             |   103 |    34 |       |       ||   137
       War axe           |       |   155 |   110 |       ||   265
       Broad axe         |       |       |   106 |    42 ||   148
       Whip              |       |       |    25 |    17 ||    42
 Cast: Sting             |     5 |       |       |       ||     5
 Abil: Spit Poison       |    18 |    15 |    22 |       ||    55
Evoke: Wand              |       |       |     1 |       ||     1
  Use: Scroll            |       |     5 |     1 |       ||     6
 Stab: Distracted        |       |       |       |     1 ||     1
Armor: Robe              |     3 |       |       |       ||     3
       Scale mail        |    45 |    85 |    70 |    11 ||   211
Dodge: Dodged            |    29 |   135 |   152 |    20 ||   336
Block: Tower shield      |       |   106 |   180 |    37 ||   323
